 Dungeon Crawl Stone Soup version 0.31-a0-1098-g6898e6545c (webtiles) character file.

Game seed: 9020421592306393027

1145 Gynju the Skirmisher (level 8, -3/57 HPs)
             Began as a Barachi Hunter on Nov 28, 2023.
             Splashed by a jelly's acid (6 damage)
             ... on level 6 of the Dungeon on Nov 30, 2023.
             The game lasted 00:07:20 (4301 turns).

Gynju the Skirmisher (Barachi Hunter)               Turns: 4301, Time: 00:07:21

Health: -3/57      AC:  0    Str: 13    XL:     8   Next: 37%
Magic:  8/8        EV: 12    Int:  9    God:
Gold:   411        SH:  0    Dex: 18    Spells: 7/7 levels left

rFire   . . .        b - +5 spear of Integrity {venom, +Blink rN+}
rCold   + . .        (no shield)
rNeg    + . .        c - +0 leather armour
rPois   .            (no helmet)
rElec   .            w - +0 cloak
rCorr   .            (no gloves)
SInv    .            (no boots)
Will    .....        (no amulet)
Stlth   ++           e - ring of protection from cold
HPRegen 0.29/turn    A - ring of flight
MPRegen 0.11/turn

%: no passive effects
@: corroded, flying, slow
A: amphibious, slowness 1, strong legs 1, +LOS
a: Hop, Evoke Blink


You were on level 6 of the Dungeon.
You visited 1 branch of the dungeon, and saw 6 of its levels.

You collected 411 gold pieces.

Inventory:

Hand Weapons
 a - a +0 shortbow
 b - the +5 spear of Integrity (weapon) {venom, +Blink rN+}
   (You found it on level 5 of the Dungeon)

   rN+:       It protects you from negative energy.
   +Blink:    It lets you blink.
Armour
 c - a +0 leather armour (worn)
 w - a +0 cloak (worn)
 I - a +0 buckler
Jewellery
 e - a ring of protection from cold (left hand)
 A - a ring of flight (right hand)
 B - a ring of willpower
Wands
 y - a wand of polymorph (9)
Scrolls
 h - 4 scrolls of identify {unknown}
 i - a scroll of brand weapon {unknown}
 j - a scroll of torment {unknown}
 k - 2 scrolls of amnesia {unknown}
 m - 3 scrolls of fear {unknown}
 p - a scroll of acquirement {unknown}
 q - 2 scrolls of revelation {unknown}
 r - a scroll of fog {unknown}
 s - a scroll of noise {unknown}
 u - 2 scrolls of vulnerability {unknown}
 v - 2 scrolls of teleportation {unknown}
 C - 2 scrolls of immolation {unknown}
 E - 2 scrolls of enchant armour {unknown}
 G - 2 scrolls of butterflies
 J - a scroll of enchant weapon {unknown}
Potions
 d - 4 potions of heal wounds
 f - 2 potions of curing {unknown}
 g - a potion of invisibility {unknown}
 l - 3 potions of haste {unknown}
 n - 2 potions of mutation {unknown}
 o - a potion of lignification {unknown}
 t - a potion of brilliance {unknown}
 x - a potion of might {unknown}
 z - a potion of degeneration {unknown}
 D - 2 potions of enlightenment {unknown}
 F - a potion of attraction {unknown}
 H - a potion of berserk rage {unknown}


   Skills:
 - Level 2.4 Fighting
 * Level 10.5 Ranged Weapons
 - Level 2.1 Dodging
 - Level 0.8 Stealth


You had 7 spell levels left.
You didn't know any spells.
Your spell library contained the following spells:

 Spells                   Type           Power      Damage    Failure   Level
 Apportation              Tloc           0%         N/A       45%         1
 Freeze                   Ice            0%         1d3       45%         1
 Jinxbite                 Hex            0%         N/A       61%         2
 Frozen Ramparts          Ice            0%         1d1       83%         3
 Hailstorm                Conj/Ice       0%         3d3       83%         3
 Summon Guardian Golem    Hex/Summ       0%         N/A       83%         3
 Animate Dead             Necr           0%         N/A       99%         4
 Alistair's Intoxication  Tmut/Pois      0%         N/A       100%        5
 Borgnjor's Vile Clutch   Necr/Erth      0%         N/A       100%        5
 Death Channel            Necr           0%         N/A       100%        6
 Orb of Destruction       Conj           0%         9d5       100%        7
 Spellforged Servitor     Conj/Summ      0%         N/A       100%        7


Dungeon Overview and Level Annotations

Branches:
Dungeon (6/15)
 Temple: D:4-7

Altars:
Okawaru
Ru


Innate Abilities, Weirdness & Mutations

You are amphibious.
You cover ground slowly.
You can hop short distances.
You have an extended range of vision and can be seen from far away.


Message History

You kill the orc warrior!
You hear some strange, mumbled words.
Something tries to affect you, but you resist.
You swing at nothing.
You are ready to hop once more.
You barely miss something.
You hear some strange, mumbled words.
You are confused.
You bump into the rock wall.
Something hits you.
* * * LOW HITPOINT WARNING * * *
A jelly comes into view.
Something hits you.
* * * LOW HITPOINT WARNING * * *
You bump into the rock wall.
The jelly quivers.
Something hits you but does no damage.
You bump into the rock wall.
Something hits you.
* * * LOW HITPOINT WARNING * * *
You completely miss something.
You feel less confused. Something hits you but does no damage.
You hit something. Something hits you.
* * * LOW HITPOINT WARNING * * *
You hit something. Something hits you.
* * * LOW HITPOINT WARNING * * *
Something hits you.
* * * LOW HITPOINT WARNING * * *
You puncture something!
Reactivating autopickup.
You feel a bit more experienced. The jelly misses you.
Things that are here:
a +0 dagger; a +0 robe; an orc corpse You hit the jelly.
The acid corrodes you!
Your hands burn!
* * * LOW HITPOINT WARNING * * *
The jelly is lightly wounded.
The jelly hits you.
* * * LOW HITPOINT WARNING * * *
You are splashed with acid.
You die...

####....................
#######..........####.#####...
#................# #... #...
#...)............# ..#.......
#................# ...#..#####
#..........).....##...# .#
#######.....).........# ..
#......J##.... #.....#@# ....
#######)###### ###...........#
#.#.####.####.# #.#.#.......#
#.#.#.##.##.# #.#.#.#...#.#.
#......._.......
###.#.#...#.#.##


You could see a jelly.

Vanquished Creatures
  An ice beast (D:6)
  An orc warrior (D:6)
  A sky beast (D:6)
  2 ogres
  2 phantoms
  A scorpion (D:3)
  A jelly (D:5)
  An orc priest (D:6)
  3 hounds
  A sleepcap (D:4)
  3 orc wizards
  10 adders
  3 gnolls (D:4)
  A shadow imp (D:5)
  2 white imps (D:6)
  6 worms
  3 dart slugs
  14 orcs
  7 ball pythons
  2 bats
  3 endoplasms
  A giant cockroach (D:2)
  4 goblins
  7 hobgoblins
  3 jackals (D:2)
  3 quokkas
  5 frilled lizards
  2 kobolds
  3 rats (D:1)
96 creatures vanquished.

Notes
Turn   | Place    | Note
-------+----------+-------------------------------------------
     0 | D:1      | Gynju the Barachi Hunter began the quest for the Orb.
     0 | D:1      | Reached XP level 1. HP: 17/17 MP: 1/1
   165 | D:1      | Reached XP level 2. HP: 21/23 MP: 2/2
   731 | D:2      | Reached XP level 3. HP: 28/28 MP: 3/3
   797 | D:2      | Reached skill level 5 in Ranged Weapons
  1111 | D:2      | Reached XP level 4. HP: 34/34 MP: 4/4
  1440 | D:2      | Upgraded the game from 0.31-a0-1084-gb392501acf to
                  | 0.31-a0-1098-g6898e6545c
  1967 | D:3      | Reached skill level 6 in Ranged Weapons
  1995 | D:4      | Reached XP level 5. HP: 39/39 MP: 5/5
  2209 | D:4      | Reached skill level 7 in Ranged Weapons
  2213 | D:4      | Reached XP level 6. HP: 46/46 MP: 6/6
  2540 | D:4      | Reached skill level 8 in Ranged Weapons
  2726 | D:5      | Entered Level 5 of the Dungeon
  2747 | D:5      | Found an iron altar of Okawaru.
  2752 | D:5      | Reached XP level 7. HP: 47/51 MP: 7/7
  2932 | D:5      | Identified the +5 spear of Integrity {venom, +Blink rN+}
  3483 | D:5      | Reached skill level 9 in Ranged Weapons
  4080 | D:6      | Reached XP level 8. HP: 47/57 MP: 8/8
  4130 | D:6      | Reached skill level 10 in Ranged Weapons
  4243 | D:6      | Found a sacrificial altar of Ru.
  4301 | D:6      | Splashed by a jelly's acid

Illustrated notes

Levels and vault maps discovered:
D:1:      psy_arrival_spokes, layout_loops_ring
D:2:      layout_basic, grunt_ministairs_7, kennysheep_generic_room_10
D:3:      layout_rooms, eino_tiny_chamber
D:4:      layout_rooms
D:5:      layout_basic, mainiacjoe_overflow_six_doors_small
D:6:      layout_basic, nicolae_ru_sacrificial_ziggurat,
          mainiacjoe_sewer_entry_somewhere_in_here_2

Skill      XL: |  1  2  3  4  5  6  7  8 |
---------------+-------------------------+-----
Ranged Weapons | 5 6 7 8 9 10 | 10.5
Fighting       | |  2.4
Dodging        | |  2.1
Stealth        | |  0.8

Action                     |  1- 3 |  4- 6 |  7- 9 || total
---------------------------+-------+-------+-------++-------
  Melee: Spear             |       |       |    55 ||    55
   Fire: Shortbow          |   102 |   152 |   148 ||   402
Ability: Hop               |     2 |     5 |     2 ||     9
    Use: Potion            |       |     1 |       ||     1
 Armour: Leather armour    |     9 |    46 |    72 ||   127
  Dodge: Dodged            |    13 |    49 |    55 ||   117

Table legend: (Time is in decaauts)
 A = Elapsed time spent in this place.
 B = Non-inter-level travel time spent in this place.
 C = Inter-level travel time spent in this place.
 D = Time resting spent in this place.
 E = Time spent auto-exploring this place.
 F = Levels seen in this place.
 G = Mean time per level.
                   A        B        C        D        E       F      G
               +--------+--------+--------+--------+--------+-----+--------+
         Total |   4895 |   4711 |    184 |    153 |   3754 |   6 |  815.8 |
       Dungeon |   4895 |   4711 |    184 |    153 |   3754 |   6 |  815.8 |
               +--------+--------+--------+--------+--------+-----+--------+

Top non-repeatable levels by time:
     D:5: 1182 daAuts
     D:2: 901 daAuts
     D:1: 814 daAuts
     D:4: 744 daAuts
     D:3: 722 daAuts
     D:6: 531 daAuts
